 Dungeon Crawl Stone Soup version 0.28.0-53-g5a82cb258f (webtiles) character file.

Game seed: 8905205476062725862

40 bwicke the Grave Robber (level 3, -1/24 HPs)
             Began as a Mummy Necromancer on Aug 9, 2022.
             Slain by a hound (2 damage)
             ... on level 2 of the Dungeon.
             The game lasted 00:06:01 (1645 turns).

bwicke the Grave Robber (Mummy Necromancer)         Turns: 1645, Time: 00:06:01

Health: -1/24      AC:  2    Str: 11    XL:     3   Next: 30%
Magic:  0/7        EV: 12    Int: 16    God:
Gold:   34         SH:  0    Dex: 12    Spells: 3/8 levels left

rFire   x . .      SeeInvis .   f - +1 war axe
rCold   + . .      Faith    .   (no shield)
rNeg    + + +      Spirit   .   a - +0 robe
rPois   ∞          Reflect  .   (no helmet)
rElec   .          Harm     .   (no cloak)
rCorr   .          Rampage  .   (no gloves)
Will    .....                   (no boots)
Stlth   ++........              (no amulet)
HPRegen 0.08/turn               (no ring)
MPRegen 0.10/turn               (no ring)

@: no status effects
A: cold resistance 1, negative energy resistance 3, torment resistance 2, heat
vulnerability 1, no potions
a: no special abilities


You were on level 2 of the Dungeon.
You visited 1 branch of the dungeon, and saw 2 of its levels.

You collected 34 gold pieces.

Inventory:

Hand Weapons
 b - a +0 club
 f - a +1 war axe (weapon)
 h - a +0 short sword
 l - a +0 hand axe
Missiles
 c - 70 stones
 d - 38 sling bullets
 k - 52 arrows
Armour
 a - a +0 robe (worn)
Scrolls
 e - a scroll of vulnerability {unknown}
 i - a scroll of noise {unknown}
 j - a scroll of identify {unknown}


   Skills:
 - Level 1.5 Dodging
 - Level 1.5 Stealth
 + Level 3.0 Spellcasting
 - Level 5.0 Necromancy


You had 3 spell levels left.
You knew the following spells:

 Your Spells              Type           Power      Damage    Failure   Level
a - Pain                  Necr           72%        1d7       2%          1
b - Animate Skeleton      Necr           36%        N/A       2%          1
c - Vampiric Draining     Necr           18%        2d7       7%          3

Your spell library contained the following spells:

 Spells                   Type           Power      Damage    Failure   Level
 Animate Dead             Necr           9%         N/A       22%         4
 Agony                    Necr           18%        N/A       54%         5


Dungeon Overview and Level Annotations

Branches:
Dungeon (2/15)

Altars:


Innate Abilities, Weirdness & Mutations

You are immune to poison.
Your flesh is cold resistant. (rC+)
You are immune to negative energy. (rN+++)
You are immune to unholy pain and torment.
You are vulnerable to heat. (rF-)
You do not drink.


Message History

Press: ? - help, Q - select action, (/) - cycle Shift-Dir - straight line, f/p - hound
Aim: a hound (chance to affect: 83%)
The hound writhes in agony.
The hound bites you. The hound bites you but does no damage.
Casting: Pain (safe; 2% risk of failure)
Confirm with . or Enter, or press ? or * to list all spells.
Okay, then.
Unknown command.
Aiming: Pain (safe; 2% risk of failure)
Press: ? - help, Q - select action, (/) - cycle Shift-Dir - straight line, f/p - hound
Aim: a hound (moderately wounded, chance to affect: 83%)
The hound barely resists.
The hound misses you.
You closely miss the hound.
The hound is moderately wounded.
The hound bites you. x2
Casting: Pain (safe; 2% risk of failure)
Confirm with . or Enter, or press ? or * to list all spells.
The spell is quite dangerous to miscast (7% risk of failure)!
Continue anyway?
Aiming: Vampiric Draining (quite dangerous; 7% risk of failure)
Press: ? - help, Shift-Dir - straight line, f/p - hound
Aim: a hound (moderately wounded)
You draw life force from the hound!
You feel life coursing into your body. The hound bites you. x2
Okay, then.
Unknown command.
You hit the hound.
The hound is almost dead.
The hound bites you. x2
* * * LOW HITPOINT WARNING * * *
You barely miss the hound.
The hound is almost dead.
The hound bites you.
* * * LOW HITPOINT WARNING * * *
The hound closely misses you.
Okay, then.
As you read the scroll labelled ZIOM KOGUOZUOPT, it crumbles to dust.
It is a scroll of enchant weapon.
Your +0 war axe glows red for a moment.
The hound bites you.
You die...

##.# .... #..B. #.### ....$
...w. # #.).### ..... #....
##### ###.†.# #.(.. #.....
....### ###.# ##...##..#.#.#
###...# #># ##S.......
###.## #.### #.........
#..#####...####..w......
##..##..<...@hSS)......(
#######..#.#...#####........
...........##### #########
##########..8.8 ..... .8.8
###


You could see a hound, an adder, a dart slug and a ball python.

Vanquished Creatures
  An adder (D:2)
  A worm (D:2)
  A dart slug (D:2)
  2 bats
  An endoplasm (D:2)
  A giant cockroach (D:1)
  5 goblins
  2 hobgoblins (D:1)
  2 jackals (D:1)
  2 kobolds (D:1)
  2 ball pythons (D:1)
  2 frilled lizards (D:2)
  4 rats
26 creatures vanquished.

Vanquished Creatures (collateral kills)
  A ball python (D:1)
1 creature vanquished.

Grand Total: 27 creatures vanquished

Notes
Turn   | Place    | Note
-------+----------+-------------------------------------------
     0 | D:1      | bwicke the Mummy Necromancer began the quest for the Orb.
     0 | D:1      | Reached XP level 1. HP: 13/13 MP: 4/4
   258 | D:1      | Reached XP level 2. HP: 10/19 MP: 0/5
   269 | D:1      | Learned a level 1 spell: Animate Skeleton
   811 | D:1      | You fall into a shaft and drop 1 floor!
  1304 | D:2      | Reached skill level 5 in Necromancy
  1304 | D:2      | Reached XP level 3. HP: 24/24 MP: 2/7
  1361 | D:2      | Learned a level 3 spell: Vampiric Draining
  1516 | D:2      | Found a faded altar of an unknown god.
  1644 | D:2      | HP: 1/24 [hound (3)]
  1645 | D:2      | Slain by a hound

Illustrated notes

Levels and vault maps discovered:
D:1:      kilobyte_arrival_exit_the_forest, layout_basic
D:2:      layout_rooms, shapermc_ecumenical_altar_hornbeckon, st_stairs_4,
          minmay_tree_intersection, serial_bayou_pond_d, chequers_avenue

Skill      XL: |  1  2  3 |
---------------+----------+-----
Necromancy     | 5 |  5.0
Spellcasting   | 3 |  3.0
Dodging        | |  1.5
Stealth        | |  1.5

Action                   || total
-------------------------++-------
Melee: Club              ||    13
       War axe           ||    20
 Cast: Pain              ||    35
       Animate Skeleton  ||     3
       Vampiric Draining ||     1
  Use: Scroll            ||     1
 Stab: Sleeping          ||     1
Armor: Robe              ||    10
Dodge: Dodged            ||    36
